AoeStats
← masterbaiter

Black Forest

511559950Analyzed
4v4 RM · 12d ago on Oct 5, 2026· 41m 57s· 8 players
Game mode
Random Map
Map size
Large (8 player)
Population
200
Speed
Normal
Resources
Standard
Victory
Conquest
Starting age
Dark Age
Ending age
Imperial Age
RankedLock teamsTeams togetherTeam positionsShared explorationLock speedFull tech treeHidden civsTurbo modeCheats
Victory
Defeat
🇦🇷 Mongols · Argentina
1242
+16
🇧🇩 Dravidians · Bangladesh
1240
+16
🇪🇸 Gurjaras · Spain
1214
+17
🇹🇷 Magyars · Türkiye
1213
+17
vs
🇨🇳 Georgians · China
1314
-19
🇨🇳 Franks · China
1312
-20
🇮🇳 Malians · India
1186
-14
🇳🇱 Bohemians · Netherlands
1157
-13
masterbaiter
1:10 Loom
11:19 Feudal Age
15:55 Castle Age
13:48 Double-Bit Axe
13:47 Horse Collar
17:55 Forging
21:37 Bow Saw
23:10 Wheelbarrow
25:35 Stone Mining
25:53 Heavy Plow
25:50 Gold Mining
28:26 Scale Barding Armor
27:43 Light Cavalry
28:34 Bloodlines
28:25 Husbandry
30:27 Fletching
30:58 Chain Barding Armor
31:31 Iron Casting
30:57 Padded Archer Armor
31:49 Bodkin Arrow
35:34 Imperial Age
33:20 Hand Cart
34:05 Ballistics
34:46 Leather Archer Armor
35:18 Thumb Ring
36:17 Bracer
36:50 Parthian Tactics
36:54 Hussar
38:37 Chemistry
38:02 Conscription
37:20 Elite Mangudai
39:32 Blast Furnace
WhiteShadow
11:20 Feudal Age
15:14 Castle Age
13:26 Double-Bit Axe
13:49 Horse Collar
16:42 Bow Saw
22:19 Wheelbarrow
22:11 Heavy Plow
25:27 Hand Cart
25:11 Gold Mining
25:14 Stone Mining
27:37 Gold Shaft Mining
30:26 Imperial Age
28:42 Scale Barding Armor
28:26 Loom
28:27 Town Watch
30:03 Chain Barding Armor
30:30 Bloodlines
30:21 Husbandry
30:31 Light Cavalry
31:47 Cavalier
31:48 Hussar
33:47 Two-Man Saw
33:26 Plate Barding Armor
33:23 Crop Rotation
33:22 Ballistics
34:03 Chemistry
33:14 Masonry
32:47 Treadmill Crane
33:25 Paladin
36:33 Masonry
40:54 Caravan
41:30 Coinage
sergio_S10
0:38 Loom
13:15 Feudal Age
19:01 Castle Age
17:14 Double-Bit Axe
17:26 Horse Collar
17:50 Stone Mining
19:01 Town Watch
23:33 Wheelbarrow
23:20 Bow Saw
23:16 Heavy Plow
27:37 Hand Cart
33:05 Imperial Age
30:39 Gold Mining
31:54 Thumb Ring
31:41 Fletching
31:52 Padded Archer Armor
32:23 Bodkin Arrow
32:40 Husbandry
32:51 Bloodlines
33:39 Leather Archer Armor
34:26 Conscription
35:05 Gold Shaft Mining
35:09 Crop Rotation
35:16 Elite Elephant Archer
39:03 Ballistics
39:44 Chemistry
39:31 Bracer
39:58 Frontier Guards
39:55 Caravan
41:18 Scale Barding Armor
41:23 Town Patrol
J. C. Maxwell
1:36 Loom
12:29 Feudal Age
17:00 Castle Age
15:04 Double-Bit Axe
15:02 Horse Collar
15:46 Gold Mining
18:21 Bow Saw
18:22 Heavy Plow
18:46 Fletching
20:58 Bodkin Arrow
22:43 Ballistics
23:03 Padded Archer Armor
25:31 Thumb Ring
26:46 Leather Archer Armor
27:24 Wheelbarrow
27:36 Husbandry
30:54 Hand Cart
30:28 Town Watch
36:52 Imperial Age
37:05 Elite Elephant Archer
38:54 Chemistry
37:57 Bracer
38:27 Ring Archer Armor
41:07 Two-Man Saw
40:44 Ring Archer Armor
40:53 Stone Mining
MIB Asterix
0:46 Loom
14:04 Feudal Age
15:33 Double-Bit Axe
15:30 Horse Collar
18:03 Castle Age
19:11 Wheelbarrow
19:40 Bow Saw
19:32 Heavy Plow
22:13 Pikeman
23:43 Squires
24:55 Scale Mail Armor
25:31 Hand Cart
29:20 Crossbowman
33:26 Imperial Age
32:24 Chemistry
31:44 Ballistics
31:46 Wagenburg Tactics
31:48 Murder Holes
32:29 Padded Archer Armor
34:28 Chain Mail Armor
34:24 Forging
34:47 Conscription
34:13 Halberdier
35:57 Plate Mail Armor
35:43 Leather Archer Armor
37:35 Bombard Tower
38:45 Fletching
39:26 Ring Archer Armor
41:50 Masonry
番切抄鸡蛋
10:27 Feudal Age
11:40 Double-Bit Axe
15:16 Castle Age
17:46 Bow Saw
20:58 Wheelbarrow
20:34 Loom
26:52 Husbandry
29:47 Imperial Age
27:24 Scale Barding Armor
27:31 Forging
29:12 Chain Barding Armor
33:08 Imperial Age
34:33 Cavalier
SlyFever
10:26 Feudal Age
14:28 Castle Age
12:26 Double-Bit Axe
12:33 Horse Collar
13:17 Loom
15:16 Heavy Plow
15:26 Bow Saw
26:11 Wheelbarrow
25:22 Town Watch
26:04 Gold Mining
26:06 Stone Mining
27:50 Hand Cart
31:27 Imperial Age
30:04 Scale Barding Armor
30:09 Forging
30:00 Scale Mail Armor
30:52 Stone Shaft Mining
30:45 Town Patrol
31:42 Chain Barding Armor
31:28 Svan Towers
32:11 Iron Casting
31:41 Fletching
33:12 Chemistry
31:49 Onager
32:53 Chain Mail Armor
33:12 Ballistics
33:19 Treadmill Crane
33:32 Guard Tower
34:31 Bloodlines
34:21 Husbandry
35:01 Crop Rotation
35:35 Plate Barding Armor
36:01 Blast Furnace
35:09 Bodkin Arrow
35:26 Siege Engineers
35:55 Conscription
35:22 Pikeman
36:02 Squires
35:56 Arrowslits
36:22 Masonry
36:50 Plate Mail Armor
36:16 Halberdier
37:59 Architecture
39:25 Keep
39:49 Bracer
39:51 Siege Onager
41:26 Padded Archer Armor
Ghajini
0:46 Loom
10:50 Feudal Age
17:22 Castle Age
16:15 Double-Bit Axe
16:10 Horse Collar
16:45 Horse Collar
29:07 Wheelbarrow
30:00 Scale Mail Armor
30:30 Forging
35:54 Imperial Age
33:56 Heavy Plow
35:14 Bow Saw
35:53 Bloodlines
36:19 Scale Barding Armor
35:58 Heavy Camel Rider
36:44 Farimba
37:48 Chain Barding Armor
39:46 Plate Barding Armor
42:21 Iron Casting
Connection lost

Rejoining the realm…

Still unreachable

The connection could not be restored.

Session expired

The server has moved on; the page needs a fresh start.